 Dungeon Crawl Stone Soup version 0.29.1-1-gd02db6906a (webtiles) character file.

Game seed: 18304835276669291715

39 Ashen the Conjurer (level 3, -2/25 HPs)
             Began as a Demonspawn Conjurer on Oct 3, 2022.
             Slain by Sigmund
             ... wielding a +4 scythe of venom
              (9 damage)
             ... on level 2 of the Dungeon.
             The game lasted 00:02:42 (1791 turns).

Ashen the Conjurer (Demonspawn Conjurer)            Turns: 1791, Time: 00:02:42

Health: -2/25      AC:  2    Str:  7    XL:     3   Next: 28%
Magic:  6/6        EV: 12    Int: 21    God:
Gold:   82         SH:  0    Dex: 11    Spells: 4/7 levels left

rFire   . . .      SeeInvis .   e - +0 dagger (venom)
rCold   . . .      Faith    .   (no shield)
rNeg    . . .      Spirit   .   a - +0 robe
rPois   .          Reflect  .   (no helmet)
rElec   .          Harm     .   (no cloak)
rCorr   .          Rampage  .   (no gloves)
Will    .....                   (no boots)
Stlth   ++........              (no amulet)
HPRegen 0.08/turn               (no ring)
MPRegen 0.10/turn               (no ring)

@: lethally poisoned (-2 -> -17)
A: powered by death 1
a: no special abilities


You were on level 2 of the Dungeon.
You visited 1 branch of the dungeon, and saw 2 of its levels.

You collected 82 gold pieces.

Inventory:

Hand Weapons
 e - a +0 dagger of venom (weapon)
 f - a +0 quarterstaff
Armour
 a - a +0 robe (worn)
Scrolls
 c - a scroll of brand weapon {unknown}
Potions
 b - a potion of magic
 d - a potion of heal wounds


   Skills:
 + Level 0.8 Fighting
 + Level 2.0 Dodging
 + Level 2.1 Stealth
 * Level 2.6 Spellcasting
 * Level 4.3 Conjurations


You had 4 spell levels left.
You knew the following spells:

 Your Spells              Type           Power      Damage    Failure   Level
a - Magic Dart            Conj           80%        1d7       2%          1
b - Searing Ray           Conj           40%        2d5       3%          2

Your spell library contained the following spells:

 Spells                   Type           Power      Damage    Failure   Level
 Dazzling Flash           Conj/Hex       22%        N/A       17%         3
 Fulminant Prism          Conj/Hex       5%         3d7       50%         4
 Iskenderun's Mystic Bla  Conj/Tloc      11%        2d4       50%         4
 Conjure Ball Lightning   Conj/Air       5%         3x3d6     100%        6
 Discord                  Hex            1%         N/A       100%        8
 Disjunction              Tloc           1%         N/A       100%        8


Dungeon Overview and Level Annotations

Branches:
Dungeon (2/15)

Altars:

Shops:
D:1 (

Annotations:
D:2 Sigmund


Innate Abilities, Weirdness & Mutations

You regenerate a little health from kills.


Message History

Reactivating autopickup.
There is a stone staircase leading down here.
You hit the hobgoblin.
The hobgoblin is poisoned.
The hobgoblin is moderately wounded.
The hobgoblin barely misses you.
You hit the hobgoblin.
You kill the hobgoblin!
You now have 82 gold pieces (gained 17).
There is an entrance to Deawuev's Antique Weapon Shoppe here.
You see here a hobgoblin corpse.
HP restored.
Done exploring.
There is a stone staircase leading down here.
You see here a +0 ring mail.
There is a stone staircase leading down here.
You climb downwards.
Level annotation: Sigmund
There is a stone staircase leading up here.
Sigmund closely misses you.
Sigmund hits you with a +4 scythe of venom.
You closely miss Sigmund. You hit Sigmund but do no damage.
Sigmund is poisoned.
Sigmund drinks a potion.
Sigmund is healed!
Sigmund looks more healthy.
You barely miss Sigmund.
Sigmund hits you with a +4 scythe of venom!
Ouch! That really hurt!
* * * LOW HITPOINT WARNING * * *
You are lethally poisoned!
Unknown command.
It was a potion of heal wounds.
You feel much better.
You feel extremely sick. Sigmund barely misses you.
You hit Sigmund but do no damage.
You feel very sick.
You hit Sigmund.
Sigmund is poisoned.
Sigmund is lightly wounded.
* * * LOW HITPOINT WARNING * * *
You feel very sick.
Sigmund hits you with a +4 scythe of venom!
You die...

....#.#..#.# .#
#........#.# .#
...~~~...#.# .#
...~_~...#.#######.# ..
##.~~~...#.......#.# ...
.#.......#######.#.##....
.#.####....#...#.#.......
.#.#.......#.#.#.........
...#.##...<....@@........
...#.#.........#.........
...#.{[.......##.####....
.....#####....'... ...
...[## #....##.# ..
+#..#### #....##.. .
..>....# #....####
...###.# #....# #### #.#
..# .


You could see Sigmund (very poisoned).

Vanquished Creatures
  2 dart slugs (D:1)
  3 bats
  6 endoplasms
  A giant cockroach (D:1)
  3 goblins (D:1)
  3 hobgoblins
  3 quokkas (D:1)
  3 ball pythons
  3 frilled lizards
  4 kobolds (D:1)
  2 rats
33 creatures vanquished.

Notes
Turn   | Place    | Note
-------+----------+-------------------------------------------
     0 | D:1      | Ashen the Demonspawn Conjurer began the quest for the Orb.
     0 | D:1      | Reached XP level 1. HP: 13/13 MP: 3/3
   281 | D:1      | Gained mutation: You regenerate a little health from kills.
                  | [demonic ancestry]
   281 | D:1      | Reached XP level 2. HP: 14/20 MP: 0/5
   284 | D:1      | Learned a level 2 spell: Searing Ray
   838 | D:1      | Found Deawuev's Antique Weapon Shoppe.
   874 | D:1      | Reached XP level 3. HP: 14/25 MP: 6/6
  1488 | D:2      | Found a faded altar of an unknown god.
  1565 | D:2      | Noticed Sigmund
  1791 | D:2      | Slain by Sigmund

Illustrated notes

Levels and vault maps discovered:
D:1:      dpeg_arrival_signposts, layout_rooms, serial_shops, nicolae_shop_trees
D:2:      layout_basic, hellmonk_ecumenical_altar_pennies_from_heaven,
          kennysheep_generic_room_12, uniq_sigmund

Skill      XL: |  1  2 |
---------------+-------+-----
Dodging        | 2 |  2.0
Stealth        | 2 |  2.1
Fighting       | |  0.8
Spellcasting   | |  2.6
Conjurations   | |  4.3

Action                   || total
-------------------------++-------
Melee: Unarmed           ||     2
       Dagger            ||    60
       Punch             ||     1
 Cast: Magic Dart        ||    27
  Use: Potion            ||     1
 Stab: Sleeping          ||     2
Armor: Robe              ||     5
Dodge: Dodged            ||    35
